 Dungeon Crawl Stone Soup version 0.23.2-1-ga50397a6bc (webtiles) character file.

Game seed: 1801835602780778716

60 Darkell the Changer (level 3, -2/15 HPs)
             Began as a Felid Transmuter on Apr 25, 2019.
             Slain by an orc wizard
             ... wielding a +0 dagger
              (4 damage)
             ... on level 2 of the Dungeon.
             The game lasted 00:01:47 (2192 turns).

Darkell the Changer (Felid Transmuter)              Turns: 2192, Time: 00:01:48

Health: -2/15      AC:  2    Str:  7    XL:     3   Next: 80%
Magic:  4/7        EV: 21    Int: 14    God:
Gold:   34         SH:  0    Dex: 21    Spells: 0/6 levels left
                                        Lives:  0   Deaths: 0

rFire    . . .     SeeInvis +     - Unarmed
rCold    . . .     Gourm    .   (shield unavailable)
rNeg     . . .     Faith    .   (armour unavailable)
rPois    x         Spirit   .   (helmet unavailable)
rElec    .         Reflect  .   (cloak unavailable)
rCorr    .         Harm     .   (gloves unavailable)
MR       .....                  (boots unavailable)
Stlth    ++........             (no amulet)
HPRegen  0.05/turn              (no ring)
MPRegen  0.10/turn              (no ring)

@: spider-form
A: tiny, no armour, no weapons or thrown items, stealth, see invisible,
carnivore, slow metabolism 1
a: End Transformation


You were on level 2 of the Dungeon.
You were not hungry.
You were a venomous arachnid creature.
You visited 1 branch of the dungeon, and saw 2 of its levels.

You collected 34 gold pieces.

Inventory:

Missiles
 a - 12 arrows
Jewellery
 f - a cursed ring of teleportation {unknown}
 g - an uncursed ring of magical power {unknown}
Scrolls
 b - 3 scrolls of fear {unknown}
 d - a scroll of blinking {unknown}
 e - 3 scrolls of identify {unknown}
 h - a scroll of remove curse {unknown}
Potions
 i - a potion of flight {unknown}
Comestibles
 c - 5 rations


   Skills:
 - Level 1.0 Fighting
 - Level 2.6 Dodging
 - Level 3.0 Unarmed Combat
 - Level 2.0 Spellcasting
 + Level 4.4 Transmutations
 + Level 0.8 Poison Magic


You couldn't memorise any spells.
You knew the following spells:

 Your Spells              Type           Power        Failure   Level  Hunger
a - Beastly Appendage     Tmut           ##....       12%         1    ##.....
b - Sticks to Snakes      Tmut           ##......     17%         2    ###....
c - Spider Form           Tmut/Pois      #.........   45%         3    ####...

Your spell library contained the following spells:

 Spells                   Type           Power        Failure   Level  Hunger
 Ice Form                 Ice/Tmut       #.......     85%         4    #####..
 Blade Hands              Tmut           ##........   87%         5    ######.


Dungeon Overview and Level Annotations

Branches:
Dungeon (2/15)

Altars:


Innate Abilities, Weirdness & Mutations

You cannot wear armour.
You are incapable of wielding weapons or throwing items.
Your paws allow you to move quietly. (Stealth)
((You have sharp claws.))
((You have razor-sharp teeth.))
You have supernaturally acute eyesight. (SInv)
You are carnivorous and can eat meat at any time.
((You cover ground quickly.))
((You are covered in fur. (AC +1)))
You have a slow metabolism.
((Your sharp claws are effective at attacking unaware monsters.))


Message History

You turn into a venomous arachnid creature.
You hit the orc wizard.
The orc wizard is lightly wounded.
The orc wizard hits you with a +0 dagger.
You hit the orc wizard.
The orc wizard is poisoned.
The orc wizard is moderately wounded.
The orc wizard barely misses you.
You hit the orc wizard.
The orc wizard looks as sick as possible!
The orc wizard is moderately wounded.
The orc completely misses you.
The orc wizard hits you with a +0 dagger.
* * * LOW HITPOINT WARNING * * *
You hit the orc wizard but do no damage.
The orc wizard looks as sick as possible!
The orc wizard is moderately wounded.
The orc wizard gestures wildly while chanting.
The orc wizard blinks!
The orc completely misses you.
The orc wizard hits you with a +0 dagger.
You die...

#......##o.≈...≈....
#$.....#oo.........###
####...(..#So........$..
..........#o..........#
..........##..≈...≈..#
###.......###...o.o..#
#........#########.#
#..?..........o.§..##
#####.########s.o...#
#.# #.####.# #.# #.# .#
#. #.# .# #.# )# #.# .#
#.# .# #.#


You could see an orc wizard and an orc.

Vanquished Creatures
  2 adders (D:2)
  An ooze (D:1)
  2 worms (D:2)
  2 leopard geckos
  2 giant cockroaches (D:1)
  2 goblins (D:1)
  4 hobgoblins
  A quokka (D:2)
  6 bats
  A frilled lizard (D:2)
  6 kobolds (D:1)
  4 rats (D:1)
33 creatures vanquished.

Notes
Turn   | Place    | Note
-------+----------+-------------------------------------------
     0 | D:1      | Darkell the Felid Transmuter began the quest for the Orb.
     0 | D:1      | Reached XP level 1. HP: 9/9 MP: 4/4
   268 | D:1      | Reached skill level 3 in Transmutations
   268 | D:1      | Reached XP level 2. HP: 10/12 MP: 6/6
  1042 | D:1      | Learned a level 2 spell: Sticks to Snakes
  1487 | D:1      | Reached XP level 3. HP: 5/15 MP: 5/7
  1767 | D:2      | Reached skill level 4 in Transmutations
  1891 | D:2      | Learned a level 3 spell: Spider Form
  2192 | D:2      | Slain by an orc wizard

Skill      XL: |  1  2  3 |
---------------+----------+-----
Transmutations | 3 4 |  4.4
Fighting       | |  1.0
Dodging        | |  2.6
Unarmed Combat | |  3.0
Spellcasting   | |  2.0
Poison Magic   | |  0.8

Action                   || total
-------------------------++-------
Melee: Unarmed           ||   121
       Bite              ||    11
       Headbutt          ||     2
 Cast: Beastly Appendage ||     8
       Spider Form       ||     3
 Stab: Sleeping          ||     9
  Eat: Chunk             ||     5
Armor: Skin              ||     3
Dodge: Dodged            ||    94
